[Event "Czech Youth U12 Boys 2024"]
[Site "Kouty nad Desnou"]
[Date "2024.03.11"]
[Round "3.2"]
[White "Hladky, Mikulas"]
[Black "Policar, Martin"]
[Result "0-1"]
[ECO "B51"]
[WhiteElo "1798"]
[BlackElo "1758"]
[Annotator "NA RC"]
[PlyCount "152"]
[EventDate "2024.03.10"]
[EventType "swiss"]
[EventCountry "CZE"]
[SourceTitle "playchess.com"]
[Source "ChessBase"]
[SourceQuality "1"]
[TimeControl "40/5400+30:1800+30"]

1. e4 c5 2. Nf3 d6 3. Bb5+ Nd7 4. c4 Ngf6 5. Nc3 g6 6. d4 cxd4 7. Nxd4 Bg7 8. f3 O-O 9. Bxd7 Bxd7 10. Be3 a6 11. a4 Rb8 12. O-O Qa5 13. Rc1 Qb4 14. b3 Bc6 15. Re1 Nd7 16. Nd5 Bxd5 17. exd5 Rfe8 18. Rb1 Qc3 19. Rc1 Qb4 20. Rb1 Nc5 21. Nc2 Qc3 22. Bd4 Bxd4+ 23. Nxd4 Nd3 24. Re3 Qxd4 25. Qxd3 Qxd3 26. Rxd3 b5 27. axb5 axb5 28. c5 dxc5 29. Rc1 Rbc8 30. Rdc3 c4 31. bxc4 Rxc4 32. Rxc4 bxc4 33. Rxc4 Rd8 34. Rd4 Kg7 35. Kf2 Kf6 36. Ke3 Ke5 37. Re4+ Kd6 38. Rd4 Kc5 39. Re4 Rd7 40. g3 Kxd5 41. Rd4+ Ke6 42. Re4+ Kf6 43. Rf4+ Kg7 44. h4 f5 45. Rc4 Kf6 46. f4 Rd6 47. Rb4 Ra6 48. Rb3 h6 49. Kf3 g5 50. hxg5+ hxg5 51. fxg5+ Kxg5 52. Rb7 Ra3+ 53. Kf2 Ra2+ 54. Ke3 Ra1 55. Kf3 e5 56. Rg7+ Kf6 57. Rg8 e4+ 58. Ke3 Ra3+ 59. Ke2 Rf3 60. g4 f4 61. g5+ Kf7 62. Rb8 Rg3 63. Rb4 f3+ 64. Kf2 Rg4 65. Rb5 Kg6 66. Re5 Rf4 67. Re8 Kxg5 68. Rg8+ Kf5 69. Rf8+ Ke5 70. Re8+ Kd6 71. Rd8+ Ke7 72. Rd1 Ke6 73. Rd8 e3+ 74. Kf1 Ke7 75. Rd5 e2+ 76. Kf2 Re4 0-1

[Event "Czech Youth U12 Boys 2024"]
[Site "Kouty nad Desnou"]
[Date "2024.03.11"]
[Round "3.3"]
[White "Sochor, Vaclav"]
[Black "Honcharov, Makar"]
[Result "0-1"]
[ECO "B23"]
[WhiteElo "1826"]
[BlackElo "1872"]
[Annotator "NA RC"]
[PlyCount "68"]
[EventDate "2024.03.10"]
[EventType "swiss"]
[EventCountry "CZE"]
[SourceTitle "playchess.com"]
[Source "ChessBase"]
[SourceQuality "1"]
[TimeControl "40/5400+30:1800+30"]

1. e4 c5 2. Nc3 g6 3. h4 h5 4. d4 cxd4 5. Qxd4 Nf6 6. Bg5 {[%emt 0:02:08] B23: Closed Sicilian: Lines without g3.} Nc6 7. Qd2 Bg7 8. O-O-O d6 9. Kb1 Be6 10. f3 a6 11. Nh3 Rc8 12. Nf4 Ne5 13. Ncd5 Bxd5 14. Nxd5 Nxd5 15. Qxd5 Qc7 16. Qb3 b5 17. Be2 O-O (17... Nd7 $142 18. Bc1 Nc5) 18. g4 hxg4 $1 19. f4 {[%emt 0:02:50] [#]} Nc4 $1 20. c3 a5 21. f5 a4 22. Qb4 {[%emt 0:03:27] [#]} (22. Qxb5 $2 {too greedy.} Na3+ 23. bxa3 Rb8 $19 (23... Qxc3 $2 24. f6 $19)) 22... Nxb2 $1 23. Qxb2 b4 24. f6 exf6 ({Don't play} 24... bxc3 25. fxg7 cxb2 26. gxf8=Q+ Kxf8 27. Bd3) 25. Bf4 bxc3 $19 26. Qc2 Rb8+ 27. Ka1 Rb2 28. Qd3 f5 29. Bxd6 c2 30. e5 Bxe5 31. Bxe5 Qxe5 32. Qd4 Rb1+ 33. Rxb1 Qxd4+ 34. Rb2 Rb8 0-1

[Event "Czech Youth U12 Boys 2024"]
[Site "Kouty nad Desnou"]
[Date "2024.03.11"]
[Round "3.4"]
[White "Sotek, Matej"]
[Black "Zrust, Lukas"]
[Result "1/2-1/2"]
[ECO "C01"]
[WhiteElo "1716"]
[BlackElo "1893"]
[Annotator "NA RC"]
[PlyCount "138"]
[EventDate "2024.03.10"]
[EventType "swiss"]
[EventCountry "CZE"]
[SourceTitle "playchess.com"]
[Source "ChessBase"]
[SourceQuality "1"]
[TimeControl "40/5400+30:1800+30"]

1. e4 e6 2. d4 d5 3. exd5 exd5 4. Nf3 Bd6 5. Bd3 Nf6 6. O-O O-O 7. c3 Re8 {[%emt 0:03:51] C01: French: Exchange Variation.} 8. Bg5 h6 9. Bh4 Nbd7 10. Nbd2 c6 11. Qc2 Qc7 12. Rfe1 Rxe1+ 13. Rxe1 b6 14. Bxf6 (14. Qd1 $14 {was preferrable.}) 14... Nxf6 15. h3 Bb7 16. Nh4 c5 17. dxc5 bxc5 18. b3 (18. c4 $11 {is superior.}) 18... Nh5 19. Nf5 Bf8 20. Nh4 Nf4 21. Bf1 Bc8 22. Bd3 Nxd3 23. Qxd3 Be6 24. Nhf3 Bd6 25. Nf1 a5 26. Ne3 Qb7 27. Rd1 Rd8 ({Reject} 27... a4 28. bxa4 Rxa4 29. Nxd5 $11) 28. Kh1 (28. Nxd5 $2 {geht unter.} Bxd5 29. Nh4 (29. Qxd5 $2 {verliert.} Bh2+ 30. Kxh2 Rxd5 $19) 29... Bxb3 30. axb3 Bh2+ (30... Qxb3 $2 31. Rb1 $19) 31. Kxh2 Rxd3 32. Rxd3 Qxb3 $19) 28... Bf8 29. Kg1 g6 30. Qd2 {[%emt 0:03:20] [#]} (30. Ng4 $15) 30... a4 $1 31. bxa4 Qa8 32. Qc2 Bg7 33. Ne1 (33. Rc1 $142) 33... Qa5 (33... d4 $142 34. cxd4 cxd4) 34. Nd3 Bxc3 35. Nf4 Kg7 {[%emt 0:06:39] [#]} (35... Re8 $11) 36. Nfxd5 $2 ({Much weaker is} 36. Nexd5 $6 Bxd5 37. Nxd5 (37. Rxd5 Rxd5 38. Nxd5 Bd4 $11) 37... Bd4 $11) (36. Nxe6+ $1 $16 fxe6 37. Rb1) 36... Bd4 37. Nf4 (37. Nc4 $11 {remains equal.} Qa7 38. Nde3) 37... Bd7 38. Nc4 Qxa4 39. Qxa4 Bxa4 40. Rd2 ({White should play} 40. Rc1) 40... g5 (40... Rb8 $17 41. Nd5 Rb1+ 42. Kh2 Bc6) 41. Ne2 Bb5 42. Nxd4 Rxd4 (42... cxd4 $15 43. Na3 Ba6) 43. Rxd4 cxd4 44. Nd2 Kf6 45. f3 Ke5 46. Kf2 f5 47. g3 $2 (47. Nb3 $15) 47... f4 48. g4 d3 49. Nb3 Bc4 50. Ke1 Bd5 51. Nc1 Kd4 ({Not} 51... Bxf3 52. Nxd3+ Ke4 53. Nf2+ Ke3 54. Kf1 $19) 52. Kd2 Bxf3 53. Nxd3 Be4 54. Nf2 $2 (54. Nc1 Bg2 55. Nb3+ Kd5 56. Ke2 Bxh3 57. Kf3) 54... Bc6 55. Ke2 f3+ 56. Kd2 Bb5 $11 57. a3 Ba4 58. Nh1 Ke4 59. Ng3+ Kf4 60. Nh5+ Ke4 61. Ng3+ Ke5 62. Ke3 Bc6 63. Nf5 h5 64. Nd4 Be8 65. Nxf3+ Kf6 66. gxh5 Bxh5 67. a4 g4 68. hxg4 Bxg4 69. Nd4 Bc8 1/2-1/2

[Event "Czech Youth U12 Boys 2024"]
[Site "Kouty nad Desnou"]
[Date "2024.03.11"]
[Round "3.5"]
[White "Kroulik, Stepan"]
[Black "Sochor, Antonin"]
[Result "1-0"]
[ECO "A16"]
[WhiteElo "1683"]
[BlackElo "1779"]
[Annotator "NA RC"]
[PlyCount "115"]
[EventDate "2024.03.10"]
[EventType "swiss"]
[EventCountry "CZE"]
[SourceTitle "playchess.com"]
[Source "ChessBase"]
[SourceQuality "1"]
[TimeControl "40/5400+30:1800+30"]

1. c4 Nf6 2. Nc3 d6 3. g3 c5 4. Bg2 g6 5. d3 Nc6 6. Nf3 e5 7. O-O Bg7 8. Bd2 Bd7 9. a3 a5 10. Nb5 Be6 11. Bc3 O-O 12. Rb1 Na7 13. Nxa7 Rxa7 14. b4 axb4 15. axb4 Nd7 16. Nd2 b6 17. Ra1 Rxa1 18. Qxa1 cxb4 19. Bxb4 Nc5 20. Qa3 Qd7 21. Rb1 Rc8 22. Bxc5 bxc5 23. Ne4 d5 24. cxd5 Bxd5 25. Nxc5 Qc6 26. Bxd5 Qxd5 27. Ne4 Qc6 28. Qb3 Bf8 29. Ng5 Qf6 30. Nf3 Bg7 31. Qb6 Rc1+ 32. Kg2 Rxb1 33. Qxb1 h6 34. Qb8+ Kh7 35. Qe8 Qf5 36. h3 h5 37. Qe7 Qf6 38. Qxf6 Bxf6 39. g4 hxg4 40. hxg4 Bh8 41. g5 f5 42. gxf6 Bxf6 43. Kg3 Kg7 44. Nd2 Kf7 45. f4 Ke6 46. fxe5 Kxe5 47. Nf3+ Kf5 48. Nh4+ Kg5 49. Nf3+ Kf5 50. e4+ Ke6 51. Kf4 Be7 52. d4 Bd8 53. e5 Kd5 54. Ke3 Bb6 55. Kf4 Bxd4 56. Nxd4 g5+ 57. Kf5 g4 58. Ne2 1-0

[Event "Czech Youth U12 Boys 2024"]
[Site "Kouty nad Desnou"]
[Date "2024.03.11"]
[Round "3.6"]
[White "Gresek, Oskar"]
[Black "Kala, Jakub"]
[Result "0-1"]
[ECO "B13"]
[WhiteElo "1629"]
[BlackElo "1750"]
[Annotator "NA RC"]
[PlyCount "222"]
[EventDate "2024.03.10"]
[EventType "swiss"]
[EventCountry "CZE"]
[SourceTitle "playchess.com"]
[Source "ChessBase"]
[SourceQuality "1"]
[TimeControl "40/5400+30:1800+30"]

1. e4 c6 2. d4 d5 3. exd5 cxd5 4. Nf3 Nc6 5. c3 Nf6 6. Bd3 Bg4 7. Bf4 e6 8. Nbd2 Bd6 9. Bxd6 Qxd6 10. O-O Rc8 11. Re1 O-O 12. Qc2 Nb4 13. Qb1 Nxd3 14. Qxd3 Bf5 15. Qe2 Qb6 16. Nb3 Rfd8 17. h3 h6 18. Ne5 Nd7 19. Nxd7 Rxd7 20. Nc5 Rdc7 21. Red1 Qd6 22. Re1 b6 23. Nb3 a5 24. a3 Qc6 25. Nc1 Qa4 26. Nd3 Qb3 27. Nc1 Qa4 28. Nd3 Qd7 29. Ne5 Qe8 30. Nd3 Rb7 31. Rec1 Qe7 32. Re1 Rbb8 33. Rec1 b5 34. b4 Bxd3 35. Qxd3 Rc4 36. Ra2 Ra8 37. Rb2 Qc7 38. Rbc2 g6 39. Qe3 Kh7 40. Qf3 Kg7 41. Qe3 Rc8 42. f4 Qb6 43. Kh1 R8c6 44. g3 Qd8 45. Kh2 Qc8 46. Qd3 Qc7 47. Qd2 Qa7 48. Qe2 axb4 49. axb4 Ra6 50. Qd2 Ra3 51. Qd1 Rc6 52. Kg2 Rca6 53. Qd2 Qc7 54. Qe2 Qc6 55. Qe5+ Kh7 56. Qe2 Rb3 57. Qd2 Qc4 58. Kh2 Rba3 59. Kg2 Qb3 60. Rb2 Qc4 61. Rbc2 Kg7 62. Kh2 Kf6 63. Kg2 Qb3 64. Rb2 Qc4 65. Rbc2 Ke7 66. Kh2 Ra1 67. Rxa1 Rxa1 68. Qe2 Qxe2+ 69. Rxe2 Rc1 70. Re3 Rc2+ 71. Kg1 f6 72. Kh1 f5 73. h4 Kf6 74. Kg1 g5 75. hxg5+ hxg5 76. Rf3 Re2 77. Kf1 Rh2 78. Rf2 Rh1+ 79. Kg2 Rc1 80. Rf3 Rc2+ 81. Kg1 Kg6 82. Re3 Kh5 83. fxg5 Kxg5 84. Rxe6 Rxc3 85. Rb6 Rxg3+ 86. Kf2 Rd3 87. Rxb5 Rxd4 88. Rb8 Kf4 89. b5 Rd2+ 90. Ke1 Rb2 91. b6 Ke3 92. Re8+ Kd4 93. Rf8 Rxb6 94. Rxf5 Rb2 95. Rf8 Kd3 96. Rd8 d4 97. Rd7 Rb1+ 98. Kf2 Rd1 99. Rd8 Kc2 100. Rc8+ Kd2 101. Rd8 d3 102. Rd7 Ra1 103. Rc7 Kd1 104. Rd7 d2 105. Rd8 Ra7 106. Rc8 Rf7+ 107. Kg2 Rf4 108. Kg3 Rf5 109. Kg4 Rf2 110. Kg3 Ke1 111. Rd8 Re2 0-1

[Event "Czech Youth U12 Boys 2024"]
[Site "Kouty nad Desnou"]
[Date "2024.03.11"]
[Round "3.7"]
[White "Krisica, Lukas"]
[Black "Fadrny, Jachym"]
[Result "1-0"]
[ECO "D55"]
[WhiteElo "1531"]
[BlackElo "1729"]
[Annotator "NA RC"]
[PlyCount "93"]
[EventDate "2024.03.10"]
[EventType "swiss"]
[EventCountry "CZE"]
[SourceTitle "playchess.com"]
[Source "ChessBase"]
[SourceQuality "1"]
[TimeControl "40/5400+30:1800+30"]

1. Nf3 d5 2. d4 e6 3. c4 Nf6 4. Bg5 Be7 5. Nc3 O-O 6. e3 b6 7. cxd5 exd5 8. Bd3 Bb7 9. O-O Nbd7 10. Rc1 Rc8 11. Qa4 Re8 12. Qxa7 Bc6 13. Nb5 Nb8 14. Ne5 Bxb5 15. Bxb5 Rf8 16. Rc2 h6 17. Bh4 g5 18. Bg3 Ne4 19. Rfc1 Nxg3 20. hxg3 Bd6 21. Bd3 f5 22. Bb5 Qe7 23. Ng6 Qf6 24. Nxf8 Rxf8 25. Qa4 f4 26. gxf4 gxf4 27. Qb3 Qg5 28. e4 Kh8 29. Qxd5 Qh4 30. Be2 f3 31. Bxf3 Rxf3 32. gxf3 Qh3 33. Qf5 Bh2+ 34. Kh1 Qh4 35. Qg4 Qxg4 36. fxg4 Bf4 37. Rxc7 Bxc1 38. Rxc1 Kg7 39. f4 Na6 40. Rc6 Nb4 41. Rxb6 Nxa2 42. b4 Nc3 43. e5 Nd5 44. Rb7+ Kg6 45. f5+ Kg5 46. e6 Kf6 47. Rf7+ 1-0

[Event "Czech Youth U12 Boys 2024"]
[Site "Kouty nad Desnou"]
[Date "2024.03.11"]
[Round "3.8"]
[White "Artamonov, Mikhail"]
[Black "Havlik, David"]
[Result "1-0"]
[ECO "C47"]
[WhiteElo "1727"]
[BlackElo "1580"]
[Annotator "NA RC"]
[PlyCount "85"]
[EventDate "2024.03.10"]
[EventType "swiss"]
[EventCountry "CZE"]
[SourceTitle "playchess.com"]
[Source "ChessBase"]
[SourceQuality "1"]
[TimeControl "40/5400+30:1800+30"]

1. e4 e5 2. Nf3 Nf6 3. Nc3 Nc6 4. Bc4 Nxe4 5. Nxe4 d5 6. Bb5 dxe4 7. Nxe5 Qg5 8. d4 Qxg2 9. Rf1 Bd6 10. Nxc6 a6 11. Ba4 O-O 12. Na5 b5 13. Bb3 Bb4+ 14. c3 Bxa5 15. Bd5 Bg4 16. Qd2 Rad8 17. Bb3 Qxh2 18. Qg5 Qh3 19. Rg1 h5 20. Be3 Rd6 21. Rc1 c6 22. Bf4 Bd8 23. Qe5 Rg6 24. Rg3 Qh1+ 25. Kd2 Qh2 26. Rf1 Bh4 27. Rxg4 Qh3 28. Rxg6 Qd3+ 29. Ke1 Qb1+ 30. Bd1 fxg6 31. Be3 Rf3 32. Bd2 Bf6 33. Qe6+ Kh7 34. Rg1 Rf5 35. Qe8 Bg5 36. Rxg5 Rxg5 37. Bxg5 Qxb2 38. Bd2 Qb1 39. Qxc6 h4 40. Qd6 Qxa2 41. Qf4 Qe6 42. Qxh4+ Kg8 43. Qg4 1-0

[Event "Czech Youth U12 Boys 2024"]
[Site "Kouty nad Desnou"]
[Date "2024.03.11"]
[Round "3.9"]
[White "Frantsev, Iegor"]
[Black "Zvolanek, Vojtech"]
[Result "1-0"]
[ECO "C52"]
[WhiteElo "1721"]
[BlackElo "1411"]
[Annotator "NA RC"]
[PlyCount "65"]
[EventDate "2024.03.10"]
[EventType "swiss"]
[EventCountry "CZE"]
[SourceTitle "playchess.com"]
[Source "ChessBase"]
[SourceQuality "1"]
[TimeControl "40/5400+30:1800+30"]

1. e4 e5 2. Nf3 Nc6 3. Bc4 Bc5 4. b4 Bxb4 5. c3 Ba5 6. d4 d6 7. Qb3 Qe7 8. O-O Nf6 9. d5 Nd8 10. Qb5+ c6 11. Qxa5 b6 12. Qb4 O-O 13. Bg5 Bd7 14. Nbd2 c5 15. Qb2 Rb8 16. a4 Nb7 17. Bb5 Rfd8 18. c4 Bg4 19. Qc3 h6 20. Bxf6 Qxf6 21. Ba6 Qg6 22. Bxb7 Rxb7 23. Rfd1 f5 24. exf5 Bxf5 25. Nh4 Qh5 26. Nxf5 Qxf5 27. Qf3 Qg5 28. Ne4 Qg6 29. Re1 Rf7 30. Qg3 Qh5 31. f3 Rf4 32. Reb1 g5 33. Qxf4 1-0

[Event "Czech Youth U12 Boys 2024"]
[Site "Kouty nad Desnou"]
[Date "2024.03.11"]
[Round "3.10"]
[White "Bara, Jan"]
[Black "Malek, Daniel"]
[Result "1-0"]
[ECO "A11"]
[WhiteElo "1852"]
[BlackElo "2278"]
[Annotator "TA"]
[PlyCount "29"]
[EventDate "2024.03.10"]
[EventType "swiss"]
[EventCountry "CZE"]
[SourceTitle "playchess.com"]
[Source "ChessBase"]
[SourceQuality "1"]
[TimeControl "40/5400+30:1800+30"]

1. c4 c6 2. g3 d5 3. Nf3 dxc4 4. a4 b5 5. Bg2 Qb6 (5... Bb7 $14) 6. axb5 $16 cxb5 7. d3 {[%emt 0:00:40] [#] Zielt auf Be3 ab.} cxd3 $2 (7... Bb7 $16 {ist eine bessere Chance.}) 8. Ne5 (8. exd3 Bb7 $16) 8... Bb7 9. Be3 Qc7 10. Qb3 $1 (10. Nxd3 $2 Bxg2 11. Rg1 Bc6 $19) 10... Nd7 11. Qxf7+ (11. Nxf7 Bxg2 12. Nxh8 Qc2 (12... Bxh1 13. Qxg8 Nf6 14. Qf7+ Kd7 15. Nc3 $11) 13. Qf7+ Kd8 $19) 11... Kd8 {[%emt 0:00:17] [#]} 12. Nxd7 $1 (12. Nxd3 Bxg2 13. Nf4 Qc6 $11) 12... Kxd7 (12... Nh6 $18) 13. Bh3+ Kc6 14. Qe6+ (14. Nd2 $142 Qc8 15. Rc1+ (15. Bxc8 Rxc8 16. Rxa7 Rd8 $18) 15... Kd6 16. Bf4+ (16. Bxc8 Rxc8 17. Rxc8 Bxc8 $18) 16... e5 17. Bxe5+ (17. Bxc8 Rxc8 18. Rxc8 Be7 $18) 17... Kxe5 18. Qf4+ (18. Bxc8 Rxc8 19. Rxc8 Bxc8 $18) 18... Kd5 19. e4+ Kd4 20. Nf3#) 14... Qd6 $18 15. Bg2+ $2 {[%emt 0:00:17] Nach der Eröffnung ein Spiel auf ein Tor.   Gewichteter Fehlerwert: Weiß=0.49/Schwarz=1.39.  Verlustzug:     	---       	Schwarz=1     Fehler:       	---       	Schwarz=1     Ungenau:       	---       	Schwarz=1     OK:         	Weiß=1     	Schwarz=2     Bester:       	Weiß=3     	---        Stark:        	Weiß=1     	---} ({Und nicht} 15. exd3 Qxe6 16. Bxe6 Kd6 17. Bxg8 Bxh1 $17) (15. Qa2 $18) 1-0

[Event "Czech Youth U12 Boys 2024"]
[Site "Kouty nad Desnou"]
[Date "2024.03.11"]
[Round "3.11"]
[White "Broz, Pavel"]
[Black "Sudrich, Radek"]
[Result "0-1"]
[ECO "B40"]
[WhiteElo "1911"]
[BlackElo "1998"]
[Annotator "RC"]
[PlyCount "58"]
[EventDate "2024.03.10"]
[EventType "swiss"]
[EventCountry "CZE"]
[SourceTitle "playchess.com"]
[Source "ChessBase"]
[SourceQuality "1"]
[TimeControl "40/5400+30:1800+30"]

1. e4 c5 2. Nf3 e6 3. d4 cxd4 4. Nxd4 Nf6 5. Bd3 Nc6 6. Be3 Be7 7. O-O O-O 8. Nc3 d5 9. Nxc6 bxc6 10. e5 Nd7 11. f4 f5 12. exf6 Nxf6 13. Bd4 c5 14. Bxf6 Bxf6 15. Qf3 c4 16. Be2 Qb6+ 17. Kh1 Qxb2 18. f5 Qxc3 19. fxe6 Qxf3 20. Bxf3 Bxe6 21. Rae1 Bf7 22. Rd1 Rad8 23. g3 d4 24. h4 d3 25. cxd3 cxd3 26. Be4 d2 27. Rf2 Bc3 28. Rf3 Bh5 29. Rxf8+ Rxf8 0-1

[Event "Czech Youth U12 Boys 2024"]
[Site "Kouty nad Desnou"]
[Date "2024.03.11"]
[Round "3.12"]
[White "Novotny, Adam"]
[Black "Hanzel, Martin"]
[Result "1-0"]
[ECO "B40"]
[WhiteElo "2072"]
[BlackElo "1474"]
[Annotator "RC"]
[PlyCount "51"]
[EventDate "2024.03.10"]
[EventType "swiss"]
[EventCountry "CZE"]
[SourceTitle "playchess.com"]
[Source "ChessBase"]
[SourceQuality "1"]
[TimeControl "40/5400+30:1800+30"]

1. e4 c5 2. Nf3 e6 3. d4 cxd4 4. Nxd4 Nf6 5. Nc3 Nc6 6. Be3 Bb4 7. f3 d5 8. Bb5 Bd7 9. Bxc6 Bxc6 10. e5 Nd7 11. f4 Nc5 12. Nxc6 bxc6 13. O-O Bxc3 14. Bxc5 Qa5 15. bxc3 Qxc5+ 16. Qd4 Qe7 17. f5 c5 18. Qa4+ Qd7 19. Qg4 exf5 20. Qxg7 O-O-O 21. Qf6 Rde8 22. Qxf5 Qxf5 23. Rxf5 Re7 24. Rd1 Rd7 25. Rdf1 Rf8 26. e6 1-0

[Event "Czech Youth U12 Boys 2024"]
[Site "Kouty nad Desnou"]
[Date "2024.03.11"]
[Round "4.1"]
[White "Policar, Martin"]
[Black "Velim, Vojtech"]
[Result "1-0"]
[ECO "A01"]
[WhiteElo "1758"]
[BlackElo "1889"]
[Annotator "NA RC"]
[PlyCount "140"]
[EventDate "2024.03.10"]
[EventType "swiss"]
[EventCountry "CZE"]
[SourceTitle "playchess.com"]
[Source "ChessBase"]
[SourceQuality "1"]
[TimeControl "40/5400+30:1800+30"]

1. b3 b6 2. Bb2 Bb7 3. e3 e6 4. Nf3 Nf6 5. d3 Be7 6. Be2 {[%emt 0:00:44] A01: Nimzowitsch-Larsen Opening.} c5 7. Nbd2 Nc6 8. a3 Rc8 9. c4 a5 10. Qc2 O-O 11. O-O Re8 12. Rfd1 d5 13. Nf1 (13. Ne5 $11 {hält das Gleichgewicht.}) 13... d4 14. exd4 cxd4 15. Ng3 Qd7 16. Nd2 e5 (16... Ne5 $17) 17. Bf3 Nd8 18. Bxb7 Qxb7 19. Re1 Bd6 20. Nde4 Nxe4 21. Nxe4 Qc6 22. Qe2 f5 23. Ng3 g6 24. Bxd4 $1 Ne6 25. Bb2 Nf4 26. Qf1 h5 27. Rad1 Qc7 28. Ne2 Ne6 29. g3 h4 30. Qg2 hxg3 31. hxg3 Kf7 (31... Qh7 $16 {is a better defense.} 32. Nc3 Qh5) 32. Qd5 Qb8 (32... Rcd8 $16) 33. Kg2 Rc5 34. Qf3 Ng5 35. Qe3 {[%emt 0:00:31] [#]} f4 $1 36. Nxf4 exf4 37. Qxe8+ Qxe8 38. Rxe8 f3+ 39. Kf1 Kxe8 40. Bd4 Rc6 41. Be3 Nf7 42. a4 g5 43. d4 Bb4 44. Bd2 Rh6 45. Kg1 Be7 46. Re1 Kd7 47. Re3 Rf6 48. Re4 $2 (48. Kf1) 48... Re6 $19 49. Rxe6 Kxe6 50. g4 Kf6 51. Bc3 Bd6 52. c5 bxc5 53. dxc5+ Be5 54. Bxa5 Ke6 55. Bd2 Kd5 56. b4 Kc4 57. c6 Bc7 58. b5 Bd8 59. Be3 Ne5 60. Bxg5 Bc7 61. Be3 Bd8 62. Ba7 Bc7 63. b6 Nxc6 64. bxc7 Nxa7 65. Kh2 Kd5 66. Kg3 Ke4 67. a5 Nc8 68. g5 Kf5 69. Kxf3 Kxg5 70. Ke4 Kf6 1-0

[Event "Czech Youth U12 Boys 2024"]
[Site "Kouty nad Desnou"]
[Date "2024.03.11"]
[Round "4.2"]
[White "Honcharov, Makar"]
[Black "Hladky, Mikulas"]
[Result "1-0"]
[ECO "C64"]
[WhiteElo "1872"]
[BlackElo "1798"]
[Annotator "NA RC"]
[PlyCount "53"]
[EventDate "2024.03.10"]
[EventType "swiss"]
[EventCountry "CZE"]
[SourceTitle "playchess.com"]
[Source "ChessBase"]
[SourceQuality "1"]
[TimeControl "40/5400+30:1800+30"]

1. e4 e5 2. Nf3 Nc6 3. Bb5 Bc5 4. c3 d6 5. O-O a6 6. Ba4 b5 7. Bb3 Nf6 8. Qe2 O-O 9. Rd1 {[%emt 0:00:48] 9.Rd1 punktet besser als 9.d3.} Qe7 10. h3 {[%emt 0:01:22] C77: Spanische Partie (Anderssen-Variante).} Bb6 11. d3 h6 12. Nbd2 Na5 13. Bc2 c5 14. Nf1 Nc6 15. g4 $146 ({Predecessor:} 15. Ng3 $14 Be6 16. Nh4 Kh7 17. Nhf5 Bxf5 18. Nxf5 Qe6 19. Be3 Ne7 20. d4 Nxf5 21. exf5 {0-1 Varshini,V (2126)-Coto Mederos,M (2353) Titled Tuesday intern op 03rd May Early blitz 2022 (9)}) 15... d5 16. Ng3 dxe4 17. dxe4 b4 (17... c4 $11) 18. Nh4 Rd8 19. Be3 Rxd1+ 20. Rxd1 bxc3 21. bxc3 Ba5 22. Ngf5 Bxf5 23. Nxf5 Qf8 24. Qc4 Rd8 $18 25. Rxd8 Qxd8 26. Bb3 Qc7 27. Bxc5 1-0

[Event "Czech Youth U12 Boys 2024"]
[Site "Kouty nad Desnou"]
[Date "2024.03.11"]
[Round "4.3"]
[White "Kolar, Edvard"]
[Black "Frantsev, Iegor"]
[Result "1-0"]
[ECO "B15"]
[WhiteElo "1759"]
[BlackElo "1721"]
[Annotator "NA RC"]
[PlyCount "91"]
[EventDate "2024.03.10"]
[EventType "swiss"]
[EventCountry "CZE"]
[SourceTitle "playchess.com"]
[Source "ChessBase"]
[SourceQuality "1"]
[TimeControl "40/5400+30:1800+30"]

1. e4 c6 2. d4 d5 3. Nc3 dxe4 4. Nxe4 Nf6 5. Ng3 Bg4 6. N1e2 Bxe2 7. Bxe2 e6 8. Bg5 Nbd7 9. Qd2 Qc7 10. O-O Be7 11. Bf3 O-O 12. Nh5 Rfe8 13. Rae1 Nxh5 14. Bxh5 Bxg5 15. Qxg5 Nf6 16. c3 Nxh5 17. Qxh5 Rad8 18. Re3 Rd5 19. Qh4 Qe7 20. Qe4 h6 21. f4 Rd7 22. Qf3 Qf6 23. Qe2 Rde7 24. Re5 g6 25. Kh1 Kh7 26. g4 Qg7 27. f5 gxf5 28. gxf5 Qg8 29. f6 Rd7 30. Rg1 Qf8 31. Rg7+ Qxg7 32. fxg7 Kxg7 33. Qg4+ Kh7 34. Qf4 Rg8 35. h4 b6 36. h5 c5 37. Qf2 cxd4 38. cxd4 Rc7 39. d5 exd5 40. Rxd5 Rc1+ 41. Kh2 Rgc8 42. Qxf7+ Kh8 43. Qf6+ Kg8 44. Qg6+ Kf8 45. Rf5+ Ke7 46. Rf7+ 1-0

[Event "Czech Youth U12 Boys 2024"]
[Site "Kouty nad Desnou"]
[Date "2024.03.11"]
[Round "4.4"]
[White "Kala, Jakub"]
[Black "Kroulik, Stepan"]
[Result "1/2-1/2"]
[ECO "A06"]
[WhiteElo "1750"]
[BlackElo "1683"]
[Annotator "NA RC"]
[PlyCount "61"]
[EventDate "2024.03.10"]
[EventType "swiss"]
[EventCountry "CZE"]
[SourceTitle "playchess.com"]
[Source "ChessBase"]
[SourceQuality "1"]
[TimeControl "40/5400+30:1800+30"]

1. Nf3 d5 2. c4 Nf6 3. e3 Bg4 4. Be2 e6 5. Nc3 Be7 6. b3 O-O 7. Bb2 c5 8. cxd5 exd5 9. d4 Nc6 10. Rc1 b6 11. h3 Bh5 12. O-O Rc8 13. a3 Re8 14. Qd2 Ne4 15. Qd1 Nxc3 16. Rxc3 Bf6 17. Rc2 Bxf3 18. Bxf3 cxd4 19. Bxd4 Nxd4 20. exd4 Rxc2 21. Qxc2 Bxd4 22. Rd1 Qf6 23. Bxd5 Rd8 24. Bf3 Bc5 25. Rxd8+ Qxd8 26. b4 Bf8 27. g3 g6 28. Kg2 a5 29. bxa5 bxa5 30. a4 Qd4 31. Qe4 1/2-1/2

[Event "Czech Youth U12 Boys 2024"]
[Site "Kouty nad Desnou"]
[Date "2024.03.11"]
[Round "4.5"]
[White "Krisica, Lukas"]
[Black "Artamonov, Mikhail"]
[Result "0-1"]
[ECO "E61"]
[WhiteElo "1531"]
[BlackElo "1727"]
[Annotator "NA RC"]
[PlyCount "44"]
[EventDate "2024.03.10"]
[EventType "swiss"]
[EventCountry "CZE"]
[SourceTitle "playchess.com"]
[Source "ChessBase"]
[SourceQuality "1"]
[TimeControl "40/5400+30:1800+30"]

1. Nf3 Nf6 2. d4 g6 3. c4 d6 4. Nc3 Bg7 5. Bg5 O-O 6. e3 Nbd7 7. Bd3 c5 8. O-O h6 9. Bh4 g5 10. Bg3 Nh5 11. Re1 Nxg3 12. hxg3 a6 13. Rc1 Rb8 14. Qc2 Nf6 15. d5 Qc7 16. e4 Ng4 17. a3 b5 18. cxb5 c4 19. Be2 axb5 20. b3 Qa7 21. bxc4 Qxf2+ 22. Kh1 Ne3 0-1

[Event "Czech Youth U12 Boys 2024"]
[Site "Kouty nad Desnou"]
[Date "2024.03.11"]
[Round "4.6"]
[White "Zrust, Lukas"]
[Black "Bara, Jan"]
[Result "1-0"]
[ECO "B20"]
[WhiteElo "1893"]
[BlackElo "1852"]
[Annotator "NA RC"]
[PlyCount "144"]
[EventDate "2024.03.10"]
[EventType "swiss"]
[EventCountry "CZE"]
[SourceTitle "playchess.com"]
[Source "ChessBase"]
[SourceQuality "1"]
[TimeControl "40/5400+30:1800+30"]

1. e4 c5 2. d3 g6 3. Be3 d6 4. g3 Bg7 5. c3 Nc6 6. Bg2 {[%emt 0:00:09] B20: Sicilian: Unusual White 2nd moves.} Nf6 7. h3 O-O 8. Ne2 Rb8 9. O-O b5 10. f4 e5 11. fxe5 (11. f5 $142) 11... Nxe5 12. Na3 b4 13. Nc2 bxc3 14. bxc3 Ba6 15. c4 $1 Rb2 16. Bc1 Rb7 17. Ne3 Qd7 18. Nf4 Nc6 19. Bd2 Ne8 20. Rb1 Rxb1 21. Qxb1 Nc7 22. Nfd5 Nxd5 23. Nxd5 Qb7 24. Qxb7 Bxb7 25. Rb1 (25. Nf6+ $16 Kh8 26. e5) 25... Bc8 26. Bf4 Rd8 27. Bg5 Rf8 (27... Re8) (27... Bd4+ $14 28. Kh2 Rd7) 28. Ne7+ Nxe7 29. Bxe7 Re8 30. Bxd6 Bd4+ {[%emt 0:00:06] [#]} 31. Kh2 $1 Re6 32. Bf4 Kg7 33. Rb8 Ba6 (33... Bd7 $142) 34. Ra8 Rb6 35. Rxa7 Rb1 36. g4 Bg1+ 37. Kg3 Bc8 38. Be5+ Kh6 39. Rxf7 g5 40. Rf6+ Kg7 41. Rf1+ Kg6 42. Rxb1 Bd4 43. Rb6+ Kf7 44. Bxd4 cxd4 45. a4 Ke7 46. Rh6 Kd7 47. Rxh7+ Kc6 48. e5+ Kb6 49. c5+ Kxc5 50. Rc7+ Kb4 51. Rxc8 Ka3 52. a5 Kb4 53. a6 Kb3 54. a7 Kb4 55. Rc4+ Kb3 56. Rxd4 Kc3 57. Rd7 Kd2 58. e6 Kd1 59. e7 Kd2 60. d4 Kd3 61. d5 Kd2 62. d6 Kd1 63. Rc7 Kd2 64. d7 Kd3 65. Rc5 Kd2 66. Rxg5 Kd3 67. h4 Kd2 68. h5 Kd1 69. h6 Kd2 70. h7 Kd1 71. Bf3+ Ke1 72. Rc5 Kd2 1-0